 Dungeon Crawl Stone Soup version 0.18.1-8-gdd0e5ea (webtiles) character file.

247 Hipnos the Firebug (level 6, -3/51 HPs)
             Began as a Gargoyle Fire Elementalist on May 22, 2016.
             Slain by a gnoll
             ... wielding a +0 halberd
              (5 damage)
             ... on level 3 of the Dungeon.
             The game lasted 00:10:13 (3799 turns).

Hipnos the Firebug (Gargoyle Fire Elementalist)     Turns: 3799, Time: 00:10:14

Health: -3/51      AC: 23    Str: 11    XL:     6   Next: 11%
Magic:  9/10       EV:  2    Int: 18    God:
Gold:   242        SH:  0    Dex: 10    Spells: 3 memorised, 5 levels left

rFire  . . .     SeeInvis .     o - +0 whip
rCold  . . .     Gourm    .     (armour currently unavailable)
rNeg   + + +     Faith    .     (no shield)
rPois  ∞         Spirit   .     (helmet currently unavailable)
rElec  .         Dismiss  .     (cloak currently unavailable)
rCorr  .         Reflect  .     (gloves currently unavailable)
SustAt .         Harm     .     (boots currently unavailable)
MR     .....     NoTele   +     (no amulet)
Stlth  ++........               (no ring)
                                (no ring)

@: tree-form, not resistant to hostile enchantments, unstealthy
A: negative energy resistance 1, (electricity resistance), (unbreathing),
petrification resistance, rot immunity, AC +4
a: no special abilities


You were on level 3 of the Dungeon.
You were hungry.
You were a tree.
You visited 1 branch of the dungeon, and saw 4 of its levels.

You collected 242 gold pieces.

Inventory:

Hand Weapons
 o - a +0 whip (weapon)
Armour
 a - a +0 robe (melded)
 i - a +0 pair of boots (melded)
Jewellery
 p - an uncursed amulet of harm {unknown}
Wands
 w - a wand of teleportation (7/9)
 y - a wand of polymorph (8/24)
Scrolls
 d - a scroll of recharging {unknown}
 f - a scroll of identify {unknown}
 g - a scroll of immolation {unknown}
 h - 3 scrolls of random uselessness {unknown}
 j - 2 scrolls of teleportation {unknown}
 l - 2 scrolls of amnesia {unknown}
 n - 4 scrolls of remove curse {unknown}
 r - a scroll of fog {unknown}
 s - 2 scrolls of magic mapping {unknown}
 u - a scroll of fear {unknown}
 v - a scroll of blinking {unknown}
Potions
 e - 2 potions of lignification
 k - a potion of resistance {unknown}
 m - 2 potions of flight {unknown}
 q - a potion of degeneration {unknown}
 t - a potion of heal wounds {unknown}
 A - a potion of cure mutation {unknown}
 C - a potion of curing {unknown}
Books
 b - a book of Flames

   Spells                             Type                      Level
   a - Flame Tongue                   Conjuration/Fire             1
   b - Throw Flame                    Conjuration/Fire             2
   c - Conjure Flame                  Conjuration/Fire             3
   d - Inner Flame                    Hexes/Fire                   3
   e - Sticky Flame                   Conjuration/Fire             4
   f - Fireball                       Conjuration/Fire             5
Comestibles
 c - 3 bread rations
 x - a slice of pizza
 z - 4 fruits
 B - a royal jelly


   Skills:
 + Level 1.0 Fighting
 + Level 0.6 Maces & Flails
 + Level 2.3 Dodging
 - Level 2.4 Stealth
 + Level 3.0 Spellcasting
 + Level 2.8 Conjurations
 * Level 4.6 Fire Magic


You had 5 spell levels left.
You knew the following spells:

 Your Spells              Type           Power        Failure   Level  Hunger
a - Flame Tongue          Conj/Fire      ###..        3%          1    None
b - Throw Flame           Conj/Fire      ###...       6%          2    ##.....
c - Conjure Flame         Conj/Fire      ###.....     12%         3    ###....


Dungeon Overview and Level Annotations

Branches:
Dungeon (4/15)
 Temple: D:4-7

Altars:
Gozag

Annotations:
D:4 Hipnos's ghost, amateur GrFE


Innate Abilities, Weirdness & Mutations

You are resistant to torment.
((Your stone body is resilient (AC +4).))
You are immune to poison.
You resist negative energy.
((You are resistant to electric shocks.))
((You can survive without breathing.))
You are immune to petrification.
You are immune to rotting.


Message History

Aiming: Flame Tongue
Press: ? - help, Shift-Dir - straight line, f - gnoll
Aim: a gnoll The flame tongue hits the gnoll.
The gnoll is severely wounded.
The gnoll hits you.
* * * LOW HITPOINT WARNING * * *
The gnoll hits you from afar with a halberd!
* * * LOW HITPOINT WARNING * * *
Read which item? (? for menu, Esc to quit)
Okay, then.
Drink which item? (? for menu, Esc to quit)
It was a potion of lignification.
You turn into a tree.
Your +0 pair of boots melds into your body.
Your +0 robe melds into your body.
Your roots penetrate the ground.
The gnoll hits you but does no damage.
You hit the gnoll but do no damage.
The gnoll is severely wounded.
The gnoll hits you from afar with a halberd.
You die...

######## #....# ######## .......#
#....# #....... .......# #....#
#....... .......# #....# #.......
.......# #....# ######.......
.......# ##....####...##..<....
.......# #............)).......
.......#####.....####...##.......
.......)........♣gg)>...##....(..
######).#.#########.....##.......
##.#.# #)....##....... #...#
####''#####.###### ########..#
##...)....##....... ..........#
##.....)....######## ..........#
##............##
..........###..............##
..........##................##


You could see 2 gnolls.

Vanquished Creatures
  A crimson imp (D:4)
  A worker ant (D:3)
  Robin (D:3)
  4 gnolls
  A howler monkey skeleton (D:4)
  4 adders
  2 worms
  2 dart slugs
  4 giant geckos
  6 orcs
  4 bats
  A giant cockroach (D:3)
  15 goblins
  8 hobgoblins
  11 jackals
  2 giant newts
  5 kobolds
  A quokka skeleton (D:4)
  2 rats (D:2)
75 creatures vanquished.

Notes
Turn   | Place    | Note
--------------------------------------------------------------
     0 | D:1      | Hipnos the Gargoyle Fire Elementalist began the quest for the Orb.
     0 | D:1      | Reached XP level 1. HP: 10/10 MP: 3/3
   206 | D:1      | Reached XP level 2. HP: 15/15 MP: 0/5
   735 | D:2      | Learned a level 2 spell: Throw Flame
  1082 | D:2      | Reached XP level 3. HP: 19/19 MP: 4/6
  1533 | D:3      | Found a faded altar to an unknown god.
  1596 | D:3      | Found an opulent altar of Gozag.
  1707 | D:3      | Reached XP level 4. HP: 24/24 MP: 2/7
  1859 | D:3      | Noticed Robin
  2023 | D:4      | Reached skill level 4 in Fire Magic
  2390 | D:4      | Learned a level 3 spell: Conjure Flame
  2430 | D:4      | Noticed Hipnos's ghost (amateur GrFE)
  2613 | D:3      | Reached XP level 5. HP: 27/28 MP: 4/9
  3440 | D:3      | Killed Robin
  3571 | D:3      | Reached skill level 1 in Fighting
  3571 | D:3      | Reached XP level 6. HP: 10/34 MP: 0/10
  3797 | D:3      | HP: 1/34 [gnoll/halberd (8)]
  3799 | D:3      | Slain by a gnoll

Skill      XL: |  1  2  3  4  5 |
---------------+----------------+-----
Conjurations   | 2 |  2.8
Fire Magic     | 4 |  4.6
Dodging        | 2 |  2.3
Spellcasting   | 3 |  3.0
Fighting       | 1 |  1.0
Maces & Flails | |  0.6
Stealth        | |  2.4

Action                   |  1- 3 |  4- 6 || total
-------------------------+-------+-------++-------
Melee: Unarmed           |    15 |       ||    15
       Whip              |    10 |   137 ||   147
 Cast: Flame Tongue      |    46 |    98 ||   144
       Conjure Flame     |       |     1 ||     1
  Use: Potion            |       |     1 ||     1
 Stab: Sleeping          |       |     1 ||     1
  Eat: Chunk             |     3 |     5 ||     8
       Pizza             |       |     1 ||     1
Armor: Robe              |    18 |    80 ||    98
       Skin              |       |     1 ||     1
Dodge: Dodged            |    31 |   133 ||   164
